 Dungeon Crawl Stone Soup version 0.28.0-53-g5a82cb258f (webtiles) character file.

Game seed: 8377900405269423638

7311 issech the Protected (level 10, -11/81 HPs)
             Began as a Minotaur Monk on June 5, 2022.
             Was an Elder of Hepliaklqana.
             Mangled by a death knight
             ... wielding a +3 great sword of electrocution
              (33 damage)
             ... on level 10 of the Dungeon.
             The game lasted 00:35:25 (9396 turns).

issech the Protected (Minotaur Monk)                Turns: 9396, Time: 00:35:26

Health: -11/81     AC: 18    Str: 15    XL:     10   Next: 90%
Magic:  18/18      EV:  7    Int:  7    God:    Hepliaklqana [****..]
Gold:   193        SH:  0    Dex: 18    Spells: 9/9 levels left

rFire   . . .      SeeInvis .   R - +8 morningstar of Xouf {vorpal, rElec rPois}
rCold   . . .      Faith    .   (no shield)
rNeg    . . .      Spirit   .   N - +0 plate armour
rPois   +          Reflect  .   (helmet restricted)
rElec   +          Harm     .   (no cloak)
rCorr   .          Rampage  .   v - +0 pair of gloves
Will    .....                   g - +0 pair of boots
Stlth   ..........              z - amulet of regeneration
HPRegen 1.03/turn               U - ring of magical power
MPRegen 0.16/turn               (no ring)

@: no status effects
A: reduced essence, horns 2, retaliatory headbutt
a: Renounce Religion, Recall Ancestor, Ancestor Identity, Transference, Idealise


You were on level 10 of the Dungeon.
You worshipped Hepliaklqana.
Hepliaklqana was greatly pleased with you.
You visited 2 branches of the dungeon, and saw 11 of its levels.

You collected 481 gold pieces.
You spent 288 gold pieces at shops.

Inventory:

Hand Weapons
 q - a +0 shortbow
 u - a +2 flail of protection
 A - a +0 hunting sling
 H - a +2 halberd of flaming
 Q - a +1 hand axe of draining
 R - the +8 morningstar of Xouf (weapon) {vorpal, rElec rPois}
   (You bought it in a shop on level 7 of the Dungeon)

   It inflicts extra damage upon your enemies.
   rElec:     It insulates you from electricity.
   rPois:     It protects you from poison.
Missiles
 e - 88 arrows
 h - 286 stones
 l - 44 bolts
 r - 4 silver javelins
 B - 4 datura-tipped darts
 I - 9 boomerangs (quivered)
 J - a throwing net
 L - 21 sling bullets
 T - 34 poisoned darts
 W - a curare-tipped dart
Armour
 g - a +0 pair of boots (worn)
 v - a +0 pair of gloves (worn)
 F - a +0 chain mail of poison resistance
 N - a +0 plate armour (worn)
Magical Staves
 i - a staff of fire
 Y - a staff of earth
Jewellery
 z - an amulet of regeneration (around neck)
 U - a ring of magical power (left hand)
 X - an amulet of reflection
Wands
 k - a wand of digging (7)
 m - a wand of paralysis (5)
 n - a wand of flame (8)
 E - a wand of iceblast (10)
 S - a wand of mindburst (4)
 Z - a wand of polymorph (11)
Scrolls
 a - a scroll of identify
 f - 3 scrolls of amnesia {unknown}
 j - 2 scrolls of brand weapon
 o - a scroll of summoning
 s - a scroll of magic mapping
 w - 3 scrolls of teleportation {unknown}
 x - 2 scrolls of fog {unknown}
 y - 2 scrolls of immolation {unknown}
 D - 2 scrolls of enchant armour {unknown}
 G - 2 scrolls of fear {unknown}
Potions
 b - 2 potions of ambrosia {unknown}
 c - 5 potions of curing {unknown}
 d - 2 potions of haste {unknown}
 p - 7 potions of heal wounds {unknown}
 C - 2 potions of magic {unknown}
 K - 3 potions of might {unknown}
 O - a potion of flight {unknown}


   Skills:
 + Level 9.0 Fighting
 + Level 6.7 Long Blades
 + Level 5.2(8.4) Axes
 + Level 10.2(10.8) Maces & Flails
 + Level 1.3 Bows
 + Level 0.5 Throwing
 + Level 11.1 Armour
 + Level 5.5 Dodging
 + Level 3.3 Stealth
 + Level 0.1 Evocations


You had 9 spell levels left.
You didn't know any spells.
Your spell library contained the following spells:

 Spells                   Type           Power      Damage    Failure   Level
 Apportation              Tloc           0%         N/A       100%        1
 Dazzling Flash           Conj/Hex       0%         N/A       100%        3
 Iskenderun's Mystic Bla  Conj/Tloc      0%         2d3       100%        4
 Passage of Golubria      Tloc           0%         N/A       100%        4
 Alistair's Intoxication  Tmut/Pois      0%         N/A       100%        5
 Silence                  Hex/Air        0%         N/A       100%        5
 Starburst                Conj/Fire      0%         6d3       100%        6
 Lehudib's Crystal Spear  Conj/Erth      0%         10d2      100%        8


Dungeon Overview and Level Annotations

Branches:
Dungeon (10/15)            Temple (1/1) D:4            Lair (0/6) D:9
    Orc: D:9-12

Altars:
Ashenzari
Cheibriados
Dithmenos
Elyvilon
Fedhas
Gozag
Hepliaklqana
Makhleb
Nemelex Xobeh
Okawaru
Qazlal
Ru
Sif Muna
Trog
Uskayaw
Vehumet
Wu Jian
Xom
Yredelemnul
Zin
The Shining One

Shops:
D:4 (   D:5 *   D:7 ((

Annotations:
D:6 3 runed translucent doors, roboicarus's ghost, novice OpBr


Innate Abilities, Weirdness & Mutations

Your life essence is reduced to manifest your ancestor. (-10% HP)
You have a pair of horns on your head.
You reflexively headbutt those who attack you in melee.


Message History

There is a stone staircase leading down here.
You start resting.
Edmée emerges from the mists of memory!
You start resting.
HP restored.
You climb downwards.
There is a stone staircase leading up here.
You swap places.
The death knight hits you with a +3 great sword of electrocution!
You hit the death knight.
The death knight is moderately wounded.
The death knight hits you with a +3 great sword of electrocution!
You hit the death knight but do no damage.
You headbutt the death knight!
The death knight is heavily wounded.
The death knight hits you with a +3 great sword of electrocution.
You barely miss the death knight.
The death knight is heavily wounded.
The death knight offers itself to Yredelemnul, and fills with unholy energy.
Edmée points at the death knight and mumbles some strange words.
The puff of frost hits the death knight!
Edmée suffers a backlash!
You thump the death knight!
The death knight is severely wounded.
The death knight reflects your damage back at you!
The death knight hits you with a +3 great sword of electrocution!
Edmée gestures at the death knight while chanting.
The puff of frost hits the death knight!
Edmée suffers a backlash!
You catch the helpless death knight completely off-guard!
You hit the death knight. Your headbutt misses the death knight.
The death knight is almost dead.
The death knight reflects your damage back at you!
The orc wizard hits you with a +0 dagger.
The death knight hits you with a +3 great sword of electrocution!
* * * LOW HITPOINT WARNING * * *
You hit the death knight but do no damage.
The death knight is almost dead.
The orc wizard hits you but does no damage.
The death knight hits you with a +3 great sword of electrocution!!
You die...

o# #.........# ##)#
#######'### ##.####
##..# #####o{##'##
#..## #..........#
###.### #..........#
#.....# #......p...#
#.....# +..........#
###.....#
#.....)....###p@R....#
#..........#ooo#<....#
#..........'.###.....#
#..........### #.....#
#..........# ####.##
#####+###### .# ##


You could see the friendly Edmée the battlemage, a death knight (reflects
damage, ally target), an orc wizard and 2 orcs.

Vanquished Creatures
  Pikel (D:4)
  A necromancer (D:9)
  A troll (D:9)
  Grinder (D:4)
  4 yaks
  4 wyverns
  A steam dragon (D:6)
  5 water moccasins
  An ice beast (D:7)
  A necrophage (D:6)
  Duvessa (D:6)
  An ogre (D:3)
  A centaur (D:4)
  A phantom (D:4)
  4 lemures (D:3)
  A kobold brigand (D:8)
  3 bullfrogs
  A scorpion (D:6)
  4 killer bees
  A centaur zombie (D:7)
  4 hounds
  A gnoll shaman (D:9)
  A bullfrog skeleton (D:6)
  2 orc priests
  Ijyb (D:4)
  Terence (D:2)
  4 orc wizards
  2 killer bee zombies
  A hound skeleton (D:4)
  A howler monkey zombie (D:7)
  4 gnolls
  An adder (D:3)
  A dart slug (D:4)
  11 orcs
  5 bats
  6 endoplasms
  3 giant cockroaches
  10 goblins
  8 hobgoblins
  2 jackals (D:3)
  14 kobolds
  4 quokkas
  8 ball pythons
  2 frilled lizards (D:1)
  4 rats
139 creatures vanquished.

Vanquished Creatures (collateral kills)
  2 wyverns (D:9)
  5 yaks
  2 ice beasts
  An orc warrior (D:6)
  A black bear (D:6)
  A necrophage (D:7)
  An ogre (D:10)
  A centaur (D:5)
  2 phantoms
  A bullfrog (D:8)
  A scorpion (D:7)
  Dowan (D:6)
  6 killer bees
  2 howler monkeys (D:8)
  A centaur zombie (D:8)
  A hound (D:6)
  A bullfrog skeleton (D:7)
  An orc priest (D:9)
  2 iguanas (D:6)
  An orc wizard (D:5)
  2 hound skeletons
  A howler monkey zombie (D:9)
  2 gnolls
  An adder (D:4)
  A shadow imp (D:6)
  9 orcs
50 creatures vanquished.

Vanquished Creatures (others)
  A wizard (D:6)
  2 battlemagi
  3 fungi (D:9)
  7 plants (D:9)
13 creatures vanquished.

Grand Total: 202 creatures vanquished

Notes
Turn   | Place    | Note
-------+----------+-------------------------------------------
     0 | D:1      | issech the Minotaur Monk began the quest for the Orb.
     0 | D:1      | Reached XP level 1. HP: 19/19 MP: 0/0
   244 | D:1      | Found a faded altar of an unknown god.
   256 | D:1      | Reached XP level 2. HP: 21/27 MP: 1/1
   412 | D:1      | You fall into a shaft and drop 1 floor!
   605 | D:2      | Noticed Terence
   621 | D:2      | Killed Terence
   622 | D:2      | Reached XP level 3. HP: 11/33 MP: 2/2
  1493 | D:3      | Reached XP level 4. HP: 41/41 MP: 3/3
  1585 | D:3      | Noticed a bullfrog
  1592 | D:3      | Killed a bullfrog
  1593 | D:3      | Reached skill level 1 in Armour
  1743 | D:3      | Reached XP level 5. HP: 47/47 MP: 4/4
  1823 | D:3      | Reached skill level 5 in Axes
  2131 | D:4      | Noticed a lemure
  2132 | D:4      | Noticed Pikel
  2132 | D:4      | Noticed a lemure
  2257 | D:4      | Noticed a lemure
  2257 | D:4      | Noticed a lemure
  2257 | D:4      | Found Baipnot's Antique Weapon Shoppe.
  2274 | D:3      | Killed a lemure
  3098 | D:3      | Killed a lemure
  3109 | D:3      | Killed a lemure
  3122 | D:3      | Killed a lemure
  3170 | D:4      | Reached skill level 1 in Long Blades
  3191 | D:4      | Killed Pikel
  3192 | D:4      | Reached skill level 5 in Fighting
  3192 | D:4      | Reached skill level 4 in Armour
  3192 | D:4      | Reached XP level 6. HP: 24/56 MP: 5/5
  3192 | D:4      | Reached XP level 7. HP: 26/61 MP: 6/6
  3408 | D:3      | Reached skill level 5 in Long Blades
  3527 | D:4      | Found a staircase to the Ecumenical Temple.
  3573 | Temple   | Entered the Ecumenical Temple
  3796 | Temple   | Became a worshipper of Hepliaklqana the Forgotten
  3796 | Temple   | Reached * piety under Hepliaklqana
  3796 | Temple   | Reached ** piety under Hepliaklqana
  3797 | Temple   | Remembered your ancestor Edmée as a battlemage
  4006 | D:4      | Noticed Grinder
  4019 | D:4      | Killed Grinder
  4020 | D:4      | Reached skill level 5 in Armour
  4020 | D:4      | Reached XP level 8. HP: 63/63 MP: 7/7
  4039 | D:4      | Noticed Ijyb
  4048 | D:4      | Killed Ijyb
  4049 | D:4      | Reached skill level 1 in Maces & Flails
  4524 | D:5      | Entered Level 5 of the Dungeon
  4664 | D:5      | Reached skill level 6 in Armour
  4690 | D:4      | Reached skill level 5 in Dodging
  4814 | D:5      | Found Xely's General Store.
  4872 | D:5      | Reached skill level 1 in Bows
  5381 | D:6      | Reached *** piety under Hepliaklqana
  5457 | D:6      | Reached skill level 7 in Armour
  5460 | D:6      | Reached XP level 9. HP: 69/71 MP: 8/8
  5874 | D:6      | Noticed Duvessa
  5875 | D:6      | Found a runed translucent gate.
  5875 | D:6      | Noticed Dowan
  5876 | D:6      | Found a runed translucent gate.
  5881 | D:6      | Killed Duvessa
  5883 | D:6      | Killed Dowan
  5889 | D:6      | Found a runed translucent gate.
  5906 | D:6      | Found a bloodstained altar of Trog.
  5908 | D:6      | Noticed a wizard
  5912 | D:6      | Killed a wizard
  5955 | D:6      | Noticed roboicarus's ghost (novice OpBr)
  6095 | D:6      | Reached skill level 5 in Maces & Flails
  6467 | D:7      | Found Pemih's Antique Weapon Shoppe.
  6491 | D:7      | Reached skill level 8 in Armour
  6630 | D:7      | Found Asmyxit's Antique Weapon Emporium.
  6638 | D:7      | Bought a steaming morningstar for 288 gold pieces
  6638 | D:7      | Identified the +8 morningstar of Xouf {vorpal, rElec rPois}
                  | (You bought it in a shop on level 7 of the Dungeon)
  7100 | D:8      | Reached skill level 9 in Armour
  7756 | D:8      | Reached **** piety under Hepliaklqana
  7821 | D:8      | Reached XP level 10. HP: 79/79 MP: 9/9
  8369 | D:8      | Reached skill level 10 in Armour
  8440 | D:9      | Noticed a necromancer
  8445 | D:9      | Killed a necromancer
  8587 | D:9      | Reached skill level 11 in Armour
  8588 | D:9      | Reached skill level 10 in Maces & Flails
  8745 | D:9      | Found a staircase to the Lair.
  9279 | D:10     | Entered Level 10 of the Dungeon
  9316 | D:10     | Noticed a death knight
  9396 | D:10     | Mangled by a death knight

Illustrated notes

Levels and vault maps discovered:
D:1:      onia_arrival_pyramid, layout_loops_ring,
          chequers_ecumenical_altar_island, minmay_misc_feat_more_columns,
          minmay_3d_cube
D:2:      layout_basic, uniq_terence
D:3:      layout_rooms, st_stairs_11
D:4:      layout_cave_pools, temple_statues, serial_shops, shop_statue,
          uniq_pikel, uniq_ijyb, uniq_grinder
D:5:      layout_loops_ring, serial_shops, nicolae_inconvenience_store,
          grunt_decor_junction, minmay_strange_pillars, item_on_display_b
D:6:      layout_cave_pods, trog_wizard, gammafunk_ghost_icy, uniq_duvessa
D:7:      layout_basic, serial_shops, nicolae_shop_window_shopping, shop
D:8:      layout_cave_pods
D:9:      layout_long_grid, minmay_lair_entry_grove, kennysheep_just_a_vault
D:10:     layout_roguey, tgw_kikubaaqudgha, erik_orc_3, lemuel_old_faithful
Temple:   mainiacjoe_temple_big_plus

Skill      XL: |  1  2  3  4  5  6  7  8  9 10 |
---------------+-------------------------------+-----
Fighting       | 4 5 6 7 8 9 |  9.0
Axes           | 4 5 |  5.2
Dodging        | 4 5 |  5.5
Armour         | 1 4 5 7 9 11 | 11.1
Long Blades    | 4 6 |  6.7
Maces & Flails | 4 7 10 | 10.2
Stealth        | 2 3 |  3.3
Bows           | 1 |  1.3
Throwing       | |  0.5
Evocations     | |  0.1

Action                   |  1- 3 |  4- 6 |  7- 9 | 10-12 || total
-------------------------+-------+-------+-------+-------++-------
Melee: Hand axe          |    68 |    75 |       |       ||   143
       Headbutt          |    14 |    16 |    45 |    15 ||    90
       Punch             |     2 |     3 |     4 |     2 ||    11
       Long sword        |       |    43 |    30 |       ||    73
       Flail             |       |       |   130 |       ||   130
       Morningstar       |       |       |    26 |    79 ||   105
 Fire: Shortbow          |       |       |     6 |       ||     6
Throw: Stone             |     1 |       |     4 |       ||     5
       Boomerang         |       |       |     5 |     1 ||     6
Invok: Ancestor Life: Ba |       |       |     1 |       ||     1
Evoke: Wand              |       |       |     1 |       ||     1
  Use: Scroll            |       |       |       |     5 ||     5
 Stab: Distracted        |       |       |     6 |     2 ||     8
Armor: Robe              |     2 |       |       |       ||     2
       Chain mail        |    19 |    87 |   144 |       ||   250
       Plate armour      |       |       |    32 |    68 ||   100
Dodge: Dodged            |    35 |    59 |   101 |    30 ||   225
